 Dungeon Crawl Stone Soup version 0.22.0-13-g43fe8f2 (webtiles) character file.

7014 mopl the Grappler (level 11, -9/71 HPs)
             Began as a Formicid Transmuter on Aug 16, 2018.
             Mangled by an apocalypse crab (20 damage)
             ... on level 9 of the Dungeon.
             The game lasted 00:18:45 (11048 turns).

mopl the Grappler (Formicid Transmuter)            Turns: 11048, Time: 00:18:46

Health: -9/71      AC:  2    Str: 16      XL:     11   Next: 29%
Magic:  13/18      EV: 20    Int: 15      God:    Xom [......]
Gold:   458        SH:  0    Dex: 19 (20) Spells: 0/18 levels left

rFire    . . .     SeeInvis .     - Unarmed
rCold    . . .     Gourm    .   (shield currently unavailable)
rNeg     . . .     Faith    .   (armour currently unavailable)
rPois    x         Spirit   .   (helmet unavailable)
rElec    .         Reflect  .   (cloak currently unavailable)
rCorr    .         Harm     .   (gloves currently unavailable)
MR       ++...                  (boots currently unavailable)
Stlth    ++........             H - amulet of magic regeneration
HPRegen  0.21/turn              (no ring)
MPRegen  0.41/turn              I - ring of protection from magic

@: spider-form
A: tiny, permanent stasis, dig shafts and tunnels, four strong arms, agile 1,
high mp 1, strong 1, wild magic 1
a: End Transformation, Renounce Religion


You were on level 9 of the Dungeon.
You worshipped Xom.
You were a very special plaything of Xom.
You were not hungry.
You were a venomous arachnid creature.
You visited 1 branch of the dungeon, and saw 9 of its levels.

You collected 458 gold pieces.

Inventory:

Hand Weapons
 j - the +1 falchion of Suremugh {speed, MR+ Dex+2, unknown}
   (You found it on level 8 of the Dungeon)

   Attacks with this weapon are significantly faster.
   It affects your dexterity (+2).
   It affects your resistance to hostile enchantments.
Missiles
 a - 176 arrows
 f - 6 needles of sleeping
 s - 3 throwing nets
 A - 10 tomahawks (quivered)
 B - 5 javelins
 D - 6 silver javelins
 F - 16 poisoned needles
 G - 3 curare-tipped needles
Armour
 k - a +0 cloak (melded)
 n - a +0 pair of gloves (melded)
 u - +0 steam dragon scales (melded)
 K - a +0 buckler
Jewellery
 H - an amulet of magic regeneration (around neck)
 I - a ring of protection from magic (right front leg)
Wands
 x - a wand of random effects (6)
 z - a wand of flame (92)
Scrolls
 e - a scroll of noise {unknown}
 g - a scroll of random uselessness {unknown}
 h - 4 scrolls of remove curse
 l - 2 scrolls of fog
 m - 3 scrolls of amnesia
 t - 2 scrolls of identify {unknown}
 y - 2 scrolls of enchant weapon {unknown}
 E - a scroll of immolation {unknown}
Potions
 b - a potion of magic {unknown}
 c - 4 potions of haste {unknown}
 i - 3 potions of resistance {unknown}
 o - 3 potions of ambrosia {unknown}
 p - a potion of flight {unknown}
 q - 3 potions of invisibility {unknown}
 r - 4 potions of lignification {unknown}
 v - 2 potions of curing
 w - 3 potions of heal wounds {unknown}
 C - 2 potions of mutation {unknown}
Comestibles
 d - 19 rations


   Skills:
 + Level 1.5 Fighting
 + Level 6.4 Throwing
 + Level 2.1 Dodging
 * Level 11.7 Unarmed Combat
 - Level 4.0 Spellcasting
 + Level 0.9 Hexes
 + Level 0.5 Translocations
 + Level 9.1 Transmutations
 - Level 4.0 Ice Magic
 - Level 2.1 Poison Magic


You couldn't memorise any spells.
You knew the following spells:

 Your Spells              Type           Power        Failure   Level  Hunger
a - Apportation           Tloc           #.....       41%         1    None
b - Spider Form           Tmut/Pois      ####......   22%         3    ###....
c - Blade Hands           Tmut           #####.....   36%         5    ######.
d - Ice Form              Ice/Tmut       ####....     36%         4    ####...
p - Passwall              Tmut/Erth      ###.....     19%         2    ##.....
w - Sticks to Snakes      Tmut           #####...     7%          2    ##.....
C - Confusing Touch       Hex            #.....       36%         1    None

Your spell library contained the following spells:

 Spells                   Type           Power        Failure   Level  Hunger
 Controlled Blink         Tloc           N/A          100%        8    #######
 Summon Small Mammal      Summ           #...         47%         1    None
 Animate Skeleton         Necr           N/A          47%         1    None
 Stone Arrow              Conj/Erth      #.....       77%         3    ###....
 Dispersal                Tloc           #.........   100%        6    #######
 Lee's Rapid Deconstruct  Erth           #.........   100%        5    ######.
 Sandblast                Erth           #.....       47%         1    None
 Portal Projectile        Hex/Tloc       #.....       67%         3    ###....
 Petrify                  Tmut/Erth      ###.....     56%         4    ####...
 Beastly Appendage        Tmut           #####.       5%          1    None
 Disjunction              Tloc           #.........   100%        8    #######
 Force Lance              Conj/Tloc      #.......     97%         4    ####...
 Gell's Gravitas          Tloc           #.........   71%         3    ###....


Dungeon Overview and Level Annotations

Branches:
Dungeon (9/15)             Temple (0/1) D:4             Orc (0/2) D:9
   Lair: D:8-11

Altars:
Elyvilon
Fedhas
Hepliaklqana
Okawaru
Ru
Wu Jian
Xom
Yredelemnul
The Shining One

Shops:
D:5 =   D:9 (

Annotations:
D:9 1 runed door, Atoenid's ghost, novice GrFi


Innate Abilities, Weirdness & Mutations

You cannot be hasted, slowed, berserked, paralysed or teleported.
You can dig through walls and to a lower floor.
Your four strong arms can wield two-handed weapons with a shield.
((You have a pair of large antennae on your head. (SInv)))
((You have sharp toenails.))
((You are partially covered in icy blue scales. (AC +2)))
((You are mostly covered in yellow scales. (AC +3)))
You are agile. (Dex +2)
You have an increased reservoir of magic. (+10% MP)
Your muscles are strong. (Str +2)
Your spells are a little harder to cast, but a little more powerful.


Message History

You are engulfed in seething chaos.
Your brain hurts!
The apocalypse crab is engulfed in seething chaos.
The apocalypse crab breathes chaos at you.
The blast of chaos misses you.
You bite the apocalypse crab!
The apocalypse crab is severely wounded.
You are engulfed in seething chaos.
You shiver with cold.
You hit the apocalypse crab.
The apocalypse crab is severely wounded.
The apocalypse crab completely misses you.
The apocalypse crab barely misses you.
You hit the apocalypse crab but do no damage.
The apocalypse crab is poisoned.
The apocalypse crab is severely wounded.
The apocalypse crab bites you!
* * * LOW HITPOINT WARNING * * *
The apocalypse crab claws you!
* * * LOW HITPOINT WARNING * * *
The apocalypse crab freezes you!!
You die...

# #.# #.....# ..... ...... #
#.######.....#...... ......
# #............#......
...... # #............'.....
...... #
#............##'#### # #
#..#########........ # #
#..##.##.§ #........ #
#..#.#.§# #.......# #. #
#..#.#§# ∆#s####### #.. #
...##.R#####t# #..#####
.......#)##.#.##.# #.......
.......#! ##.#.#.#
###.......
.......#####.###)#
#.........
.......##.....##.##
#.........
..............§...#
#...#####.
..................######...#
#. ...#
'######.....>.........# #)


You could see an apocalypse crab.

Vanquished Creatures
  Harold (D:8)
  2 two-headed ogres
  Pikel (D:8)
  A wizard (D:9)
  A steam dragon (D:9)
  A hungry ghost (D:8)
  A water moccasin (D:8)
  An orc warrior (D:9)
  3 ice beasts
  Purgy (D:3)
  A black bear (D:9)
  7 ogres
  2 slaves (D:8)
  4 centaurs
  A big kobold (D:8)
  Blork the orc (D:4)
  3 bullfrogs
  A wyvern zombie (D:8)
  A scorpion (D:4)
  3 killer bees (D:7)
  3 howler monkeys (D:7)
  3 wights
  5 crimson imps
  A centaur skeleton (D:7)
  A quasit (D:6)
  5 hounds
  4 bullfrog skeletons
  7 orc wizards
  6 orc priests
  A gnoll shaman (D:9)
  Natasha (thrice) (D:3)
  4 iguanas
  6 worker ants
  A worker ant zombie (D:7)
  Robin (D:3)
  3 gnolls (D:9)
  11 adders
  5 shadow imps
  An adder zombie (D:6)
  2 adder skeletons
  2 worms
  3 dart slugs
  2 leopard geckos
  25 orcs
  10 bats
  15 giant cockroaches
  14 goblins
  10 hobgoblins
  17 jackals
  4 quokkas
  4 ball pythons (D:2)
  2 frilled lizards
  10 kobolds
  A leopard gecko zombie (D:4)
  A quokka zombie (D:5)
  4 rats
234 creatures vanquished.

Vanquished Creatures (others)
  An orc (D:9)
1 creature vanquished.

Grand Total: 235 creatures vanquished

Notes
Turn   | Place    | Note
-------+----------+-------------------------------------------
     0 | D:1      | mopl the Formicid Transmuter began the quest for the Orb.
     0 | D:1      | Reached XP level 1. HP: 15/15 MP: 3/3
   156 | D:1      | Reached XP level 2. HP: 20/21 MP: 3/5
   184 | D:1      | Learned a level 2 spell: Sticks to Snakes
   620 | D:1      | Reached XP level 3. HP: 23/26 MP: 4/6
   640 | D:1      | Learned a level 3 spell: Spider Form
  1547 | D:2      | Reached XP level 4. HP: 24/32 MP: 6/8
  1583 | D:2      | Reached skill level 1 in Poison Magic
  1611 | D:2      | Found a faded altar of an unknown god.
  1630 | D:2      | Became a worshipper of Xom of Chaos
  1847 | D:2      | Reached skill level 4 in Unarmed Combat
  1847 | D:2      | Reached skill level 3 in Transmutations
  2042 | D:2      | Noticed an ogre
  2044 | D:2      | XOM: potion effect (brilliance)
  2056 | D:2      | Killed an ogre
  2056 | D:2      | Reached skill level 3 in Spellcasting
  2056 | D:2      | Reached skill level 2 in Poison Magic
  2056 | D:2      | Reached XP level 5. HP: 16/37 MP: 6/9
  2066 | D:2      | Learned a level 4 spell: Ice Form
  2202 | D:2      | XOM: silly message
  2404 | D:3      | Reached XP level 6. HP: 43/43 MP: 4/10
  2461 | D:3      | Noticed Robin
  2544 | D:3      | Killed Robin
  2567 | D:3      | XOM: divination: detect creatures
  2573 | D:3      | Reached skill level 1 in Ice Magic
  2820 | D:3      | Noticed Purgy
  2822 | D:3      | XOM: potion effect (agility)
  2847 | D:3      | Killed Purgy
  2847 | D:3      | Reached skill level 5 in Unarmed Combat
  3069 | D:3      | XOM: divination: detect creatures
  3103 | D:3      | Noticed Natasha
  3106 | D:3      | XOM: harmless Pois miscast
  3114 | D:3      | Killed Natasha
  3114 | D:3      | Reached XP level 7. HP: 39/48 MP: 9/12
  3225 | D:3      | Noticed Natasha
  3230 | D:3      | Killed Natasha
  3274 | D:3      | Noticed Natasha
  3281 | D:3      | Killed Natasha
  3281 | D:3      | Reached skill level 4 in Transmutations
  3312 | D:4      | Reached skill level 2 in Ice Magic
  3324 | D:4      | XOM is BORED!
  3324 | D:4      | XOM: mild Summ miscast
  3546 | D:4      | Found a staircase to the Ecumenical Temple.
  3584 | D:4      | Reached skill level 4 in Spellcasting
  3883 | D:4      | XOM: cloud trail
  3965 | D:4      | Found a basalt altar of Yredelemnul.
  4117 | D:4      | XOM: potion effect (agility)
  4124 | D:4      | Reached skill level 6 in Unarmed Combat
  4333 | D:4      | Noticed Blork the orc
  4342 | D:4      | Killed Blork the orc
  4342 | D:4      | Reached XP level 8. HP: 51/54 MP: 11/14
  4356 | D:4      | XOM: mild Fire miscast
  4495 | D:4      | Found an ornate altar of the Wu Jian Council.
  4565 | D:4      | XOM: silly message
  4585 | D:5      | Entered Level 5 of the Dungeon
  4860 | D:5      | Found a transporter.
  4882 | D:5      | Reached skill level 3 in Ice Magic
  4923 | D:5      | Reached skill level 5 in Transmutations
  4930 | D:5      | Learned a level 5 spell: Blade Hands
  4987 | D:5      | Found a transporter.
  5069 | D:5      | Reached skill level 7 in Unarmed Combat
  5116 | D:5      | XOM: summons friendly crimson imp
  5193 | D:5      | XOM: god gift: 21 sling bullets
  5379 | D:5      | XOM is BORED!
  5453 | D:5      | Found Qudup's Jewellery Emporium.
  5562 | D:5      | Found a blossoming altar of Fedhas.
  5822 | D:5      | XOM: god gift: 6 silver javelins
  5921 | D:6      | XOM: confuse monster(s)
  5969 | D:6      | Reached skill level 4 in Ice Magic
  6002 | D:6      | Found a glowing golden altar of the Shining One.
  6018 | D:6      | Reached XP level 9. HP: 43/59 MP: 15/15
  6139 | D:6      | Found a hazy altar of Hepliaklqana.
  6184 | D:6      | Reached skill level 1 in Throwing
  6292 | D:6      | Found a shimmering altar of Xom.
  6436 | D:6      | XOM: give mutations
  6436 | D:6      | Gained mutation: You have an increased reservoir of magic. (+10% MP) [Xom's grace]
  6436 | D:6      | Gained mutation: You are partially covered in icy blue scales. (AC +2) [Xom's grace]
  6436 | D:6      | Gained mutation: Your muscles are strong. (Str +2) [Xom's grace]
  6436 | D:6      | Gained mutation: You are agile. (Dex +2) [Xom's grace]
  6505 | D:7      | XOM is BORED!
  6534 | D:7      | Reached skill level 6 in Transmutations
  6537 | D:7      | Reached skill level 8 in Unarmed Combat
  6546 | D:7      | Found a white marble altar of Elyvilon.
  6546 | D:7      | Found a sacrificial altar of Ru.
  6593 | D:7      | Reached skill level 2 in Throwing
  6837 | D:7      | XOM: divination: magic mapping
  6892 | D:7      | XOM: potion effect (might)
  7009 | D:7      | Reached skill level 3 in Throwing
  7199 | D:7      | XOM: give mutations
  7199 | D:7      | Gained mutation: Your spells are a little harder to cast, but a little more powerful. [Xom's grace]
  7199 | D:7      | Gained mutation: You have sharp toenails. [Xom's grace]
  7199 | D:7      | Gained mutation: You are partially covered in yellow scales. (AC +2) [Xom's grace]
  7199 | D:7      | Gained mutation: You are mostly covered in yellow scales. (AC +3) [Xom's grace]
  7290 | D:7      | Reached skill level 9 in Unarmed Combat
  8084 | D:8      | XOM: confusion
  8088 | D:8      | Reached skill level 7 in Transmutations
  8140 | D:8      | XOM: summons friendly shadow imp
  8149 | D:8      | Reached XP level 10. HP: 28/65 MP: 17/17
  8262 | D:8      | Noticed Pikel
  8276 | D:8      | XOM: summons friendly ufetubus
  8391 | D:8      | XOM: fog
  8398 | D:8      | Killed Pikel
  8398 | D:8      | Reached skill level 4 in Throwing
  8536 | D:8      | XOM: confuse monster(s)
  8644 | D:8      | Learned a level 1 spell: Apportation
  8646 | D:8      | Learned a level 1 spell: Confusing Touch
  8657 | D:8      | XOM: polymorph orc priest -> hound
  8662 | D:8      | Reached skill level 10 in Unarmed Combat
  8665 | D:8      | Noticed Harold
  8666 | D:8      | XOM: summons friendly quasit
  8875 | D:8      | XOM: smoke on damage
  8879 | D:8      | Killed Harold
  8879 | D:8      | Reached skill level 5 in Throwing
  8879 | D:8      | Reached skill level 8 in Transmutations
  8921 | D:8      | Found an iron altar of Okawaru.
  8921 | D:8      | Noticed a two-headed ogre
  8937 | D:8      | XOM: divination: detect items
  8940 | D:8      | Killed a two-headed ogre
  9593 | D:9      | XOM: smoke on damage
  9596 | D:9      | Reached skill level 11 in Unarmed Combat
  9638 | D:9      | Found a runed door.
  9638 | D:9      | Found a shimmering altar of Xom.
  9638 | D:9      | Noticed a rapier of chaos
  9638 | D:9      | Noticed Atoenid's ghost (novice GrFi)
  9670 | D:9      | XOM: enchant monster (good)
  9682 | D:9      | Reached XP level 11. HP: 57/70 MP: 13/18
  9837 | D:9      | Found Unulag's Weapon Shop.
  9852 | D:9      | Found a staircase to the Orcish Mines.
  9906 | D:9      | XOM: divination: detect items
  9932 | D:9      | XOM is BORED!
  9932 | D:9      | XOM: noise
  9978 | D:9      | Noticed a two-headed ogre
  9983 | D:9      | XOM: butterfly on damage
  9995 | D:9      | XOM: cast spell 'Ring of Flames'
  9998 | D:9      | Killed a two-headed ogre
  9998 | D:9      | Reached skill level 6 in Throwing
 10008 | D:9      | XOM: noise
 10051 | D:8      | Reached skill level 9 in Transmutations
 10236 | D:8      | Got a crude falchion
 10246 | D:8      | XOM is BORED!
 10699 | D:9      | Learned a level 2 spell: Passwall
 10742 | D:9      | Noticed a wizard
 10750 | D:9      | Killed a wizard
 10750 | D:9      | Reached skill level 2 in Dodging
 10750 | D:9      | XOM: summons 2 friendly demons
 10754 | D:9      | XOM: enchant monster (bad)
 10755 | D:9      | XOM: divination: detect items
 10759 | D:9      | Xom revived you
 10768 | D:9      | XOM: polymorph efreet -> apocalypse crab
 11048 | D:9      | Mangled by an apocalypse crab

Skill      XL: |  1  2  3  4  5  6  7  8  9 10 11 |
---------------+----------------------------------+-----
Poison Magic   | 2 |  2.1
Unarmed Combat | 4 5 6 7 9 11 | 11.7
Transmutations | 3 4 5 7 8 9 |  9.1
Spellcasting   | 3 4 |  4.0
Ice Magic      | 1 2 4 |  4.0
Throwing       | 3 5 6 |  6.4
Dodging        | 2 |  2.1
Fighting       | |  1.5
Hexes          | |  0.9
Translocations | |  0.5

Action                   |  1- 3 |  4- 6 |  7- 9 | 10-12 || total
-------------------------+-------+-------+-------+-------++-------
Melee: Unarmed           |   127 |   165 |   343 |   167 ||   802
       Kick              |     7 |       |     4 |    13 ||    24
       Punch             |     1 |     1 |     5 |     2 ||     9
 Cast: Beastly Appendage |     7 |       |       |       ||     7
       Spider Form       |     3 |    11 |    20 |    12 ||    46
       Ice Form          |       |       |     3 |     3 ||     6
       Blade Hands       |       |       |       |     2 ||     2
 Abil: Dig               |       |     2 |       |       ||     2
       End Transformatio |       |       |       |     2 ||     2
Evoke: Wand              |       |       |    22 |       ||    22
  Use: Scroll            |       |       |     4 |       ||     4
       Potion            |       |       |       |     1 ||     1
 Stab: Sleeping          |     1 |     1 |     1 |     1 ||     4
       Confused          |       |       |     1 |     1 ||     2
       Paralysed         |       |       |     1 |       ||     1
       Distracted        |       |       |     1 |     1 ||     2
  Eat: Chunk             |     3 |     6 |    19 |    10 ||    38
       Ration            |       |       |       |     1 ||     1
Armor: Robe              |    20 |    20 |    33 |     9 ||    82
       Skin              |     2 |     5 |    12 |     7 ||    26
       Steam dragon scal |       |       |       |    11 ||    11
Dodge: Dodged            |    77 |   134 |   244 |    99 ||   554
